cohdb
Replays
Latest Replays
All Replays
Popular Replays
Top Player Replays
Match Explorer
How It Works
Community
CoH3 Stats
Reddit
Sign in to upload your games and track your stats! →
Sign in with Steam
Match 44671003
Unlisted
Match 44671003
Overview
Messages
Build Orders
End
Selects Italian Combined Arms Battlegroup
Selects Bersaglieri Squad
Bersaglieri Squad
Panzerpioneer Squad
Bersaglieri Squad
Construct Light Support Kompanie
Panzerjäger Squad
Fire Support Elements
Assault Mechanized Group
Selects Bersaglieri Bolster
2.5-tonne Medical Truck
Bobtheorangutan
DibbeTC
0
0
Comments
sign in to comment!
No comments posted yet!